 Dungeon Crawl Stone Soup version 0.30.1-11-g7821555f0a (webtiles) character file.

Game seed: 16563246420072874150

102 RancidPinata the Cudgeller (level 4, -1/28 HPs)
             Began as a Gargoyle Gladiator on Nov 16, 2023.
             Was an Initiate of Okawaru.
             Slain by an orc
             ... wielding a +0 club
              (2 damage)
             ... on level 6 of the Dungeon.
             The game lasted 00:09:05 (1381 turns).

RancidPinata the Cudgeller (Gargoyle Gladiator)     Turns: 1381, Time: 00:09:06

Health: -1/28      AC: 10    Str: 17    XL:     4   Next: 77%
Magic:  4/4        EV: 11    Int: 11    God:    Okawaru [......]
Gold:   88         SH:  0    Dex: 11    Spells: 3/3 levels left

rFire   + . .        f - +3 short sword (freeze)
rCold   + . .        (no shield)
rNeg    + . .        k - +0 ring mail
rPois   ∞            c - +0 helmet
rElec   +            (no cloak)
rCorr   .            (no gloves)
SInv    .            (no boots)
Will    .....        (no amulet)
Stlth   +            (no ring)
HPRegen 0.24/turn    (no ring)
MPRegen 0.09/turn

%: no passive effects
@: attractive
A: sickness immunity, AC +3, negative energy resistance 1, electricity
resistance, torment resistance 1, petrification resistance, cold resistance 1,
fire resistance 1
a: Renounce Religion


You were on level 6 of the Dungeon.
You worshipped Okawaru.
Okawaru was noncommittal.
You visited 2 branches of the dungeon, and saw 6 of its levels.

You collected 88 gold pieces.

Inventory:

Hand Weapons
 a - a +0 flail
 f - a +3 short sword of freezing (weapon)
Missiles
 e - a javelin (quivered)
 g - 14 stones
 q - 6 poisoned darts
Armour
 c - a +0 helmet (worn)
 k - a +0 ring mail (worn)
Scrolls
 b - a scroll of summoning {unknown}
 i - 4 scrolls of identify {unknown}
 j - a scroll of noise
 m - a scroll of enchant armour {unknown}
 n - a scroll of teleportation {unknown}
 o - a scroll of poison {unknown}
 p - a scroll of enchant weapon


   Skills:
 * Level 3.4 Fighting
 * Level 3.9 Maces & Flails
 + Level 2.3 Throwing
 + Level 1.6 Armour
 - Level 2.4 Dodging


You had 3 spell levels left.
You didn't know any spells.
Your spell library contained the following spells:

 Spells                   Type           Power      Damage    Failure   Level
 Ozocubu's Armour         Ice            0%         N/A       88%         3
 Metabolic Englaciation   Hex/Ice        0%         N/A       100%        5
 Simulacrum               Ice/Necr       Unusable   N/A       N/A         6

Dungeon Overview and Level Annotations

Branches:
Dungeon (7/15)             Temple (1/1) D:6

Altars:
Cheibriados
Fedhas
Hepliaklqana
Makhleb
Nemelex Xobeh
Okawaru
Qazlal
Sif Muna
Vehumet
Wu Jian
Xom
Yredelemnul
Zin
The Shining One

Shops:
D:1 (

Annotations:
D:3 2 transporters


Innate Abilities, Weirdness & Mutations

You are immune to sickness and miasma.
Your stone body is resilient. (AC +3)
You are immune to poison.
You resist negative energy. (rN+)
You are resistant to electric shocks. (rElec)
You are resistant to unholy torment.
You are immune to petrification.
Your flesh is cold resistant. (rC+)
Your flesh is heat resistant. (rF+)


Message History

* * * LOW HITPOINT WARNING * * *
There is a stone staircase leading down here.
Throw: throwing net
Press: ? - help, Q - select action, (/) - cycle Shift-Dir - straight line, f - scorpion
Aim: a scorpion (57% to hit)
You throw a throwing net. The throwing net hits the scorpion.
The scorpion is caught in the net!
The scorpion struggles against the net.
The scorpion struggles against the net. x2
The scorpion struggles against the net.
It was a potion of attraction.
You feel attractive to monsters.
It was a potion of mutation.
You feel extremely strange.
You feel resistant to heat.
You feel resistant to cold. The scorpion barely misses you.
The orc is attracted toward you.
You aren't carrying any items that you can evoke.
As you read the scroll labelled SIEMOO XIEZOUN, it crumbles to dust.
You hear a loud clanging noise!
It was a scroll of noise.
You hear a loud, deep croak!
The scorpion stings you but does no damage.
As you read the scroll labelled XAOSYDOARO, it crumbles to dust.
It is a scroll of enchant weapon.
Your +2 short sword of freezing glows red for a moment.
The scorpion barely misses you. The orc is attracted toward you.
You hit the orc. You freeze the orc.
The orc is moderately wounded.
The scorpion stings you but does no damage.
The orc hits you but does no damage.
You hit the scorpion but do no damage. The scorpion stings you.
* * * LOW HITPOINT WARNING * * *
The orc hits you but does no damage. The scorpion barely misses you.
You barely miss the scorpion. The orc hits you with a +0 club.
* * * LOW HITPOINT WARNING * * *
The scorpion stings you but does no damage.
You hit the scorpion. You freeze the scorpion.
The scorpion is lightly wounded.
The orc hits you with a +0 club.
You die...

###...g......#.#.#
#.#$..#.#
.....##o...#.#.#.#
#.#####s# ....!...>..#.#
#.# #.# #.#
####.###.#g#.#
#.#######.#####.# #.#
#.#o#.#.#...s...........#
#.
#.#s#.#.#########.#####.#
#. #.#...............#
#.# #.###.#.###########
### #.# #.#.o@so..# #.#
#.#######.# #.go..s...#
###########


You could see a scorpion and 2 orcs.

Vanquished Creatures
  An orc wizard (D:3)
  3 gnolls
  2 adders
  A worm (D:3)
  2 orcs
  2 bats
  2 endoplasms (D:1)
  A giant cockroach (D:1)
  3 goblins
  2 kobolds (D:1)
  3 quokkas (D:1)
  2 ball pythons
  3 frilled lizards
  2 rats
29 creatures vanquished.

Notes
Turn   | Place    | Note
-------+----------+-------------------------------------------
     0 | D:1      | RancidPinata the Gargoyle Gladiator began the quest for the
                  | Orb.
     0 | D:1      | Reached XP level 1. HP: 12/12 MP: 1/1
   144 | D:1      | Reached XP level 2. HP: 8/18 MP: 2/2
   302 | D:1      | Found Biudgh's Antique Weapon Boutique.
   559 | D:3      | Found a transporter.
   562 | D:3      | Found a transporter.
   745 | D:3      | Reached skill level 1 in Armour
   745 | D:3      | Reached XP level 3. HP: 23/23 MP: 3/3
   803 | D:3      | Reached XP level 4. HP: 18/28 MP: 4/4
  1144 | D:3      | You fall into a shaft and drop 3 floors!
  1167 | D:6      | Noticed a scorpion
  1224 | D:6      | Found a staircase to the Ecumenical Temple.
  1224 | D:6      | Noticed a bullfrog
  1229 | Temple   | Entered the Ecumenical Temple
  1269 | Temple   | Became a worshipper of Warmaster Okawaru
  1340 | D:6      | Found a shimmering blue altar of Sif Muna.
  1350 | D:7      | Noticed a hornet
  1372 | D:6      | Gained mutation: Your flesh is heat resistant. (rF+)
                  | [potion of mutation]
  1372 | D:6      | Gained mutation: Your flesh is cold resistant. (rC+)
                  | [potion of mutation]
  1380 | D:6      | HP: 1/28 [orc/+0 club (3)]
  1381 | D:6      | Slain by an orc

Illustrated notes

Levels and vault maps discovered:
D:1:      onia_arrival_mini_spirals, layout_rooms, serial_shops, shop,
          serial_aquarium, aquarium_bridge_island_large
          [aquarium_subvault_large_water, aquarium_subvault_window,
          aquarium_subvault_bridge, aquarium_subvault_bridge,
          aquarium_subvault_wall], aquarium_bridge_square
          [aquarium_subvault_bridge, aquarium_subvault_wall,
          aquarium_subvault_wall, aquarium_subvault_bridge],
          aquarium_window_corner, aquarium_window_2, aquarium_view_2c,
          aquarium_view_2e, aquarium_balcony_3b
D:2:      layout_loops_ring
D:3:      gammafunk_wand_slinger, layout_rooms, uniq_natasha
D:6:      layout_basic, lemuel_tele_altar, mainiacjoe_overflow_alcove_4,
          temple_doors_e, kennysheep_nondescript, uniq_blork_the_orc
D:7:      layout_basic, kennysheep_mini_moat, lemuel_doored_altar,
          mainiacjoe_overflow_tiny_flanked, minmay_fractal_squares_gapless_5
Temple:   nicolae_temple_god_jail

Skill      XL: |  1  2 |
---------------+-------+-----
Throwing       | 2 |  2.3
Fighting       | 3 |  3.4
Armour         | 1 |  1.6
Maces & Flails | |  3.9
Dodging        | |  2.4

Action                     |  1- 3 |  4- 6 || total
---------------------------+-------+-------++-------
  Melee: Flail             |    27 |       ||    27
         Punch             |     4 |       ||     4
         Short sword       |    51 |    51 ||   102
  Throw: Throwing net      |       |     3 ||     3
    Use: Potion            |       |     3 ||     3
         Scroll            |       |     2 ||     2
 Armour: Leather armour    |    19 |       ||    19
         Ring mail         |    16 |    34 ||    50
  Dodge: Dodged            |    73 |    50 ||   123
